 Dungeon Crawl Stone Soup version 0.21-a0-404-g291f19a (webtiles) character file.

24 Insomnius the Skirmisher (level 3, 0/34 HPs)
             Began as a Naga Abyssal Knight on Oct 30, 2017.
             Slain by an adder (4 damage)
             ... on level 2 of the Dungeon.
             The game lasted 00:06:41 (707 turns).

Insomnius the Skirmisher (Naga Abyssal Knight)       Turns: 707, Time: 00:06:41

Health: 0/34       AC:  2    Str: 14    XL:     3   Next: 2%
Magic:  4/4        EV:  9    Int: 12    God:
Gold:   45         SH:  0    Dex: 11    Spells: 2/2 levels left

rFire    . . .     SeeInvis +   a - +1 falchion
rCold    . . .     Gourm    .   (no shield)
rNeg     . . .     Faith    .   b - +0 leather armour
rPois    +         Spirit   .   (no helmet)
rElec    .         Reflect  .   (no cloak)
rCorr    .         Harm     .   (no gloves)
MR       .....                  (no barding)
Stlth    +.........             (no amulet)
HPRegen  0.11/turn              (no ring)
MPRegen  0.09/turn              (no ring)

@: lethally poisoned (0 -> -2), very slow
A: see invisible, deformed body, poison resistance, slowness 2, slow metabolism
1, spit poison 1, AC +1
a: Spit Poison


You were on level 2 of the Dungeon.
You were not hungry.

You visited 1 branch of the dungeon, and saw 2 of its levels.
You visited the Abyss 1 time.

You collected 45 gold pieces.

Inventory:

Hand Weapons
 a - a +1 falchion (weapon)
Missiles
 g - 21 bolts
Armour
 b - a +0 leather armour (worn)
Scrolls
 e - a scroll of amnesia {unknown}
 i - a scroll of noise {unknown}
Potions
 h - a potion of degeneration {unknown}
Comestibles
 c - a bread ration
 d - a meat ration
 f - a chunk of flesh


   Skills:
 + Level 3.3 Fighting
 * Level 3.0 Long Blades
 - Level 1.5 Armour
 - Level 0.7 Dodging
   Level 2.0 Invocations


You had 2 spell levels left.
You didn't know any spells.

Dungeon Overview and Level Annotations

Branches:
Dungeon (2/15)

Altars:


Innate Abilities, Weirdness & Mutations

You cannot wear boots.
Your serpentine skin is tough. (AC +1)
You have supernaturally acute eyesight. (SInv)
Armour fits poorly on your strangely shaped body.
Your system is resistant to poisons. (rPois)
You cover ground very slowly.
You have a slow metabolism.
You can spit poison.


Message History

The adder bites you. x2
You miss the adder.
The adder is almost dead.
You feel sick. The adder misses you.
You completely miss the adder.
The adder is almost dead.
The adder bites you but does no damage. x2
You barely miss the adder.
The adder is almost dead.
The adder bites you.
* * * LOW HITPOINT WARNING * * *
You closely miss the adder.
The adder is almost dead.
You feel sick. The adder closely misses you.
You miss the adder.
The adder is almost dead.
The adder bites you.
* * * LOW HITPOINT WARNING * * *
The adder bites you.
You die...

..###. ...#.
.... ... ..
# ...###.
.#(#
#...S##....#
#@...#
#.#### #..
#### #####
#####....
........#
........#


You could see an adder.

Vanquished Creatures
  A dart slug (D:1)
  A giant cockroach (D:1)
  A goblin (D:1)
  2 hobgoblins (D:1)
  2 jackals (D:2)
  4 kobolds (D:1)
  6 bats
  A frilled lizard (D:1)
  2 rats (D:1)
20 creatures vanquished.

Notes
Turn   | Place    | Note
-------+----------+-------------------------------------------
     0 | Abyss:1  | Insomnius the Naga Abyssal Knight began the quest for the Orb.
     0 | Abyss:1  | Reached XP level 1. HP: 21/21 MP: 2/2
    15 | D:1      | Escaped the Abyss
    30 | D:1      | Fell from the grace of Lugonu
   200 | D:1      | Reached XP level 2. HP: 26/28 MP: 3/3
   687 | D:2      | Reached XP level 3. HP: 29/34 MP: 4/4
   707 | D:2      | Slain by an adder

Vault maps used:
D:1:      moated_graveyard_arrival
Abyss:1:  minivault_22

Skill      XL: |  1  2 |
---------------+-------+-----
Long Blades    | 3 |  3.0
Fighting       | |  3.3
Armour         | |  1.5
Dodging        | |  0.7
Invocations    | |  2.0

Action                   || total
-------------------------++-------
Melee: Falchion          ||    47
Invok: Renounce Religion ||     1
 Abil: Spit Poison       ||    14
Armor: Leather armour    ||    10
Dodge: Dodged            ||    15
       Rpst.: Falchion   ||     5

Table legend:
 A = Spawn XP
 B = Non-spawn XP
 C = Spawn XP percentage of total XP
 D = Spawn monster count
 E = Non-spawn monster count
 F = Spawn count percentage of total count
 G = Total turns spent on level
                    A         B        C        D         E        F      G
               +---------+---------+-------+---------+---------+-------+---------
         Total |       0 |      35 |   0.0 |       0 |      20 |   0.0 |   707
               +---------+---------+-------+---------+---------+-------+---------
           D:1 |       0 |      29 |   0.0 |       0 |      17 |   0.0 |   667
           D:2 |       0 |       6 |   0.0 |       0 |       3 |   0.0 |    25
               +---------+---------+-------+---------+---------+-------+---------
